 Dungeon Crawl Stone Soup version 0.30.0-16-gbe6223bb7e (webtiles) character file.

Game seed: 17263631549688116808

79 monsoonserge the Insei (level 4, -5/25 HPs)
             Began as a Tengu Transmuter on May 21, 2023.
             Killed by divine providence
             ... invoked by an orc priest
              (12 damage)
             ... on level 3 of the Dungeon.
             The game lasted 00:05:17 (1225 turns).

monsoonserge the Insei (Tengu Transmuter)           Turns: 1225, Time: 00:05:18

Health: -5/25      AC:  6    Str: 13    XL:     4   Next: 37%
Magic:  7/8        EV: 12    Int: 13    God:
Gold:   111        SH:  0    Dex: 14    Spells: 4/7 levels left

rFire   + .          .
                       - Unarmed
rCold   + . .        (no shield)
rNeg    . . .        r - +2 leather armour {rC+}
rPois   .            (helmet restricted)
rElec   .            (no cloak)
rCorr   .            c - +0 pair of gloves
SInv    .            (boots unavailable)
Will    .....        p - amulet of the acrobat
Stlth   +            l - ring of protection from fire
HPRegen 0.24/turn    (no ring)
MPRegen 0.11/turn

%: acrobat
@: wereblooded
A: beak, talons 3
a: no special abilities


You were on level 3 of the Dungeon.
You visited 1 branch of the dungeon, and saw 3 of its levels.

You collected 111 gold pieces.

Inventory:

Missiles
 d - 12 poisoned darts
 h - 26 stones
Armour
 c - a +0 pair of gloves (worn)
 r - a +2 leather armour of cold resistance (worn)
Magical Staves
 a - a staff of air
Jewellery
 l - a ring of protection from fire (left hand)
 p - an amulet of the acrobat (around neck)
Scrolls
 e - a scroll of noise {unknown}
 f - a scroll of immolation {unknown}
 g - a scroll of enchant weapon {unknown}
 i - a scroll of fear {unknown}
 o - 3 scrolls of teleportation {unknown}
 q - a scroll of vulnerability {unknown}
Potions
 b - a potion of lignification
 j - 2 potions of curing {unknown}
 m - a potion of heal wounds {unknown}
 n - a potion of haste {unknown}


   Skills:
 + Level 1.3 Fighting
 * Level 0.9 Armour
 + Level 2.9 Dodging
 + Level 0.5 Stealth
 + Level 4.4 Unarmed Combat
 - Level 2.0 Spellcasting
 * Level 2.0 Transmutations


You had 4 spell levels left.
You knew the following spells:

 Your Spells              Type           Power      Damage    Failure   Level
a - Beastly Appendage     Tmut           12%        N/A       14%         1
b - Wereblood             Tmut           6%         N/A       22%         2

Your spell library contained the following spells:

 Spells                   Type           Power      Damage    Failure   Level
 Passwall                 Tmut/Erth      2%         N/A       32%         2
 Ensorcelled Hibernation  Hex/Ice        2%         N/A       43%         2
 Spider Form              Tmut/Pois      3%         N/A       54%         3
 Call Canine Familiar     Summ           1%         N/A       67%         3
 Inner Flame              Hex/Fire       1%         N/A       67%         3
 Portal Projectile        Hex/Tloc       2%         N/A       67%         3
 Swiftness                Air            1%         N/A       67%         3
 Vhi's Electric Charge    Tloc/Air       2%         N/A       67%         3
 Ice Form                 Ice/Tmut       3%         N/A       91%         4
 Animate Armour           Summ/Erth      2%         N/A       97%         4
 Animate Dead             Necr           1%         N/A       97%         4
 Leda's Liquefaction      Hex/Erth       0%         N/A       97%         4
 Blade Hands              Tmut           3%         N/A       98%         5
 Yara's Violent Unravell  Hex/Tmut       1%         3d3       99%         5
 Arcjolt                  Conj/Air       0%         1d10      100%        5
 Borgnjor's Vile Clutch   Necr/Erth      0%         N/A       100%        5
 Death Channel            Necr           0%         N/A       100%        6
 Iron Shot                Conj/Erth      0%         9d1       100%        6
 Enfeeble                 Hex            0%         N/A       100%        7
 Maxwell's Capacitive Co  Air            0%         ∞         100%        8


Dungeon Overview and Level Annotations

Branches:
Dungeon (3/15)

Altars:
Gozag


Innate Abilities, Weirdness & Mutations

You have a beak for a mouth.
You have claws for feet.


Message History

You see here a +0 dagger.
An orc comes into view. It is wielding a +0 flail.
The orc shouts!
You hear a shout!
An orc priest comes into view.
It is wielding a +1 flail of protection.
You hit the orc. Your kick misses the orc. You peck the orc.
The orc is severely wounded.
Your primal bloodlust has ended.
The orc hits you but does no damage.
Casting: Wereblood (safe; 22% risk of failure)
Confirm with . or Enter, or press ? or * to list all spells.
Your blood is infused with primal strength.
The orc misses you.
You hit the orc but do no damage. You claw the orc.
You kill the orc!
You hit the orc but do no damage. You claw the orc, but do no damage.
Your peck misses the orc. The orc closely misses you.
The orc priest miscasts a cantrip.
You hit the orc. You claw the orc.
You kill the orc!
The orc priest miscasts a cantrip.
Items here: )) [[ †.
You barely miss the orc priest.
You howl as the wereblood boils in your veins!
The orc priest misses you.
You hit the orc priest but do no damage.
Your punch misses the orc priest. The orc priest closely misses you.
You hit the orc priest. You claw the orc priest.
The orc priest is heavily wounded.
The orc priest hits you with a +1 flail of protection.
You hit the orc priest.
You peck the orc priest, but do no damage.
The orc priest is heavily wounded.
The orc priest mumbles some strange prayers to Beogh against you.
Beogh smites you!
* * * LOW HITPOINT WARNING * * *
You closely miss the orc priest. You claw the orc priest.
The orc priest is severely wounded.
The orc priest mumbles some strange prayers to Beogh against you.
Beogh smites you!
You die...

.K.# #..# ###..#
....
#####.############.#
.......).))........#
#####.######..#####
~ #####.#
#).######....
......#
#....@o....~.
#######
##.########.. ...#
#####


You could see an orc priest.

Vanquished Creatures
  Jessica (D:2)
  7 orcs (D:3)
  5 bats
  3 endoplasms
  3 giant cockroaches
  4 goblins
  4 hobgoblins
  2 jackals (D:2)
  A quokka (D:1)
  2 ball pythons
  A frilled lizard (D:1)
  4 kobolds
  4 rats
41 creatures vanquished.

Notes
Turn   | Place    | Note
-------+----------+-------------------------------------------
     0 | D:1      | monsoonserge the Tengu Transmuter began the quest for the
                  | Orb.
     0 | D:1      | Reached XP level 1. HP: 12/12 MP: 4/4
   152 | D:1      | Reached XP level 2. HP: 15/16 MP: 6/6
   656 | D:2      | Reached XP level 3. HP: 20/20 MP: 7/7
   785 | D:2      | Reached skill level 4 in Unarmed Combat
   937 | D:2      | Noticed Jessica
   947 | D:2      | Killed Jessica
   985 | D:2      | Reached XP level 4. HP: 25/25 MP: 8/8
  1128 | D:2      | Learned a level 2 spell: Wereblood
  1160 | D:3      | Found an opulent altar of Gozag.
  1225 | D:3      | Killed from afar by an orc priest

Illustrated notes

Levels and vault maps discovered:
D:1:      minmay_arrival_nine_rooms, layout_rooms, nrook_mini_backslash
D:2:      layout_basic, uniq_jessica
D:3:      layout_loops_ring, mainiacjoe_overflow_tiny_flanked, serial_rivers,
          chequers_serial_rivers_micro_e, chequers_serial_rivers_room_b,
          chequers_serial_rivers_marsh, chequers_serial_rivers_micro_a

Skill      XL: |  1  2  3  4 |
---------------+-------------+-----
Unarmed Combat | 4 |  4.4
Transmutations | 2 |  2.0
Fighting       | |  1.3
Armour         | |  0.9
Dodging        | |  2.9
Stealth        | |  0.5
Spellcasting   | |  2.0

Action                     |  1- 3 |  4- 6 || total
---------------------------+-------+-------++-------
  Melee: Unarmed           |    60 |    33 ||    93
         Kick              |    12 |    12 ||    24
         Peck              |    10 |     7 ||    17
         Punch             |     1 |       ||     1
   Cast: Wereblood         |       |     2 ||     2
   Stab: Sleeping          |     2 |       ||     2
 Armour: Robe              |     7 |       ||     7
         Ring mail         |     6 |       ||     6
         Leather armour    |     3 |     8 ||    11
  Dodge: Dodged            |    34 |    17 ||    51
